Wild vs Ducks

Created - March 2 2008 at 22:31

Goals
1 2 3 OT1 T
Wild 2 1 2 0 5
Ducks 1 2 2 1 6
Shots
1 2 3 OT1 T
Wild 8 6 8 1 23
Ducks 15 14 9 2 40

Period #1

1. Wild , Ray Whitney 22 (Brian Rolston) at 5:56 (PP)
2. Ducks , Chris Pronger 11 (Todd Marchant, Mike Sillinger) at 6:42
3. Wild , Marian Gaborik 29 (Ray Whitney, Mathieu Schneider) at 10:57

Penalties :
Scott Niedermayer (ANA) for Cross-checking (Minor) at 0:48, Richard Park (ANA) for Tripping (Minor) at 5:27, Sean Hill (MIN) for Holding (Minor) at 7:36, Sean Hill (MIN) for Roughing (Minor) at 11:25, Mats Sundin (MIN) for Hooking (Minor) at 18:26, Paul Stastny (ANA) for Interference (Minor) at 19:05

Period #2

4. Wild , Brian Rolston 24 (Mats Sundin) at 2:21 (PP)
5. Ducks , Daniel Sedin 24 (Henrik Sedin, Chris Pronger) at 6:19 (PP)
6. Ducks , Tom Poti 5 (Henrik Sedin, Chris Pronger) at 15:24 (PP)

Penalties :
Chris Pronger (ANA) for Hooking (Minor) at 2:17, Philippe Boucher (MIN) for Tripping (Minor) at 2:28, Curtis Brown (MIN) for Roughing (Minor) at 4:28, Kyle Mclaren (MIN) for High sticking (Minor) at 12:55, Kyle Mclaren (MIN) for Hooking (Minor) at 15:04, Sean Hill (MIN) for Holding (Minor) at 16:10, Tom Poti (ANA) for High sticking (Minor) at 19:57

Period #3

7. Ducks , Marek Malik 4 (Chris Pronger, Richard Park) at 3:03
8. Wild , Mikael Samuelsson 14 (Niclas Havelid) at 9:20
9. Wild , Rod Brind'Amour 28 (Mathieu Schneider, Marian Gaborik) at 11:28
10. Ducks , Daniel Sedin 25 (Paul Stastny, Mike Fisher) at 14:51

Penalties :
Scott Niedermayer (ANA) for Hooking (Minor) at 0:05, Duncan Keith (MIN) for Holding (Minor) at 6:06, Sean O'Donnell (ANA) for Holding (Minor) at 15:24

Overtime #1

11. Ducks , Mike Fisher 18 (Andrew Brunette, Scott Niedermayer) at 1:15 (PP)

Penalties :
Rod Brind'Amour (MIN) for Roughing (Minor) at 0:37

Goalie Stats

Manny Fernandez (MIN), 30 saves from 35 shots - (0.857), 54:51 minutes
Manny Legace (MIN), 4 saves from 5 shots - (0.800), OTL, 24-13-3, 6:25 minutes
Ilya Bryzgalov (ANA), 2 saves from 2 shots - (1.000), W, 7-8-0, 9:48 minutes
Jean-Sebastien Giguere (ANA), 16 saves from 21 shots - (0.762), 51:28 minutes

Players Stats

Wild
Player Name              G  A  P  +/- PIM S  H  SB FO MP 
-----------------------------------------------------------
Brian Rolston            1  1  2  -2  0   3  0  0  1  24 
Curtis Brown             0  0  0  -1  2   0  0  0  25 15 
Duncan Keith             0  0  0  -1  2   0  1  1  0  12 
Jozef Stumpel            0  0  0  -2  0   0  1  0  2  20 
Kim Johnsson             0  0  0  -1  0   0  0  3  0  12 
Kyle Mclaren             0  0  0   1  4   0  0  0  0  17 
Marian Gaborik           1  1  2   1  0   2  2  0  3  18 
Mathieu Schneider        0  2  2   1  0   1  0  0  0  13 
Mats Sundin              0  1  1  -1  2   1  0  0  12 11 
Michal Rozsival          0  0  0  -1  0   0  1  0  0  19 
Mikael Samuelsson        1  0  1   1  0   2  1  0  1  12 
Niclas Havelid           0  1  1   1  0   0  0  1  0  20 
Olli Jokinen             0  0  0   1  0   6  2  0  23 18 
Patrick Rissmiller       0  0  0   1  0   0  2  0  1  19 
Philippe Boucher         0  0  0  -1  2   2  3  1  0  19 
Ray Whitney              1  1  2   1  0   1  0  0  5  17 
Rod Brind'Amour          1  0  1   1  2   3  1  0  25 22 
Sean Hill                0  0  0   1  6   2  1  1  0  17 
Ducks
Player Name              G  A  P  +/- PIM S  H  SB FO MP 
-----------------------------------------------------------
Andrew Brunette          0  1  1   0  0   3  1  0  0  15 
Chris Pronger            1  3  4   2  2   6  3  3  0  27 
Daniel Sedin             2  0  2   0  0   5  0  0  3  20 
Dean Mcammond            0  0  0  -1  0   0  0  0  2  13 
Henrik Sedin             0  2  2   0  0   3  0  0  24 21 
Manny Malhotra           0  0  0  -1  0   1  0  0  17 12 
Marek Malik              1  0  1   0  0   2  1  0  0  23 
Mike Fisher              1  1  2   0  0   6  1  0  1  21 
Mike Sillinger           0  1  1   1  0   0  5  0  5  21 
Paul Stastny             0  1  1   0  2   5  2  3  19 19 
Petr Cajanek             0  0  0   0  0   0  0  0  0  1  
Richard Park             0  1  1   1  2   2  1  0  3  16 
Rob Niedermayer          0  0  0  -1  0   0  0  0  0  17 
Scott Niedermayer        0  1  1  -1  4   4  2  0  0  23 
Sean O'Donnell           0  0  0  -1  2   1  4  3  0  21 
Teppo Numminen           0  0  0   0  0   0  0  0  0  1  
Todd Marchant            0  1  1   1  0   0  3  0  24 18 
Tom Poti                 1  0  1   0  2   2  2  1  0  24 

3 Stars

1 - Chris Pronger (ANA)
2 - Marian Gaborik (MIN)
3 - Daniel Sedin (ANA)

Power Play

Wild - 2 on 7 Attempt(s) - 28.57%
Ducks - 3 on 10 Attempt(s) - 30.00%

Penalty Kill

Wild - 7 on 10 Attempt(s) - 70.00% - Score 0 goal in Penalty Kill
Ducks - 5 on 7 Attempt(s) - 71.43% - Score 0 goal in Penalty Kill

Game Notes

Ilya Bryzgalov enters game at 11:28 of 3rd period
Manny Legace enters game at 14:51 of 3rd period

Finance

Level 1 -- Attendance: 4395 (73.25%) -- Ticket Income $439,500.00
Level 2 -- Attendance: 4012 (96.12%) -- Ticket Income $240,720.00
Level 3 -- Attendance: 1600 (80.00%) -- Ticket Income $56,000.00
Level 4 -- Attendance: 4000 (100.00%) -- Ticket Income $80,000.00
Luxury Box -- Attendance: 822 (82.20%) -- Ticket Income $164,400.00
Game was played at the Arrowhead Pond
Total Attendance: 14829 (86.35%)
Total Ticket Income: $1,044,580.00
Other Income: $164,735.10
Total Income: $1,209,315.00


Play by Play

Period #1

0:01 of 1st period - Rod Brind'Amour wins face-off versus Todd Marchant in neutral zone.
0:11 of 1st period - Ray Whitney is hit by Marek Malik and loses puck.
0:34 of 1st period - Marian Gaborik is hit by Chris Pronger and loses puck.
0:37 of 1st period - Shot by Marian Gaborik.
0:37 of 1st period - Stopped by Jean-Sebastien Giguere without a rebound.
0:38 of 1st period - Mats Sundin wins face-off versus Daniel Sedin in Ducks zone.
0:48 of 1st period - Minor Penalty to Scott Niedermayer for Cross-checking.
0:49 of 1st period - Manny Malhotra wins face-off versus Olli Jokinen in Ducks zone.
1:04 of 1st period - Dean Mcammond is hit by Olli Jokinen.
1:20 of 1st period - Richard Park is hit by Marian Gaborik.
3:23 of 1st period - Shot by Olli Jokinen.
3:23 of 1st period - Shot Blocked by Paul Stastny.
3:27 of 1st period - Shot by Olli Jokinen.
3:27 of 1st period - Stopped by Jean-Sebastien Giguere without a rebound.
3:28 of 1st period - Manny Malhotra wins face-off versus Curtis Brown in Ducks zone.
3:33 of 1st period - Rob Niedermayer is hit by Jozef Stumpel.
3:42 of 1st period - Off-side.
3:43 of 1st period - Rod Brind'Amour wins face-off versus Todd Marchant in neutral zone.
3:43 of 1st period - Mathieu Schneider is hit by Mike Sillinger and loses puck.
3:56 of 1st period - Shot by Richard Park.
3:56 of 1st period - Stopped by Manny Fernandez without a rebound.
3:57 of 1st period - Curtis Brown wins face-off versus Dean Mcammond in Wild zone.
4:28 of 1st period - Icing by Rob Niedermayer.
4:29 of 1st period - Olli Jokinen wins face-off versus Manny Malhotra in Ducks zone.
4:34 of 1st period - Shot by Olli Jokinen.
4:34 of 1st period - Deflect By Patrick Rissmiller.
4:34 of 1st period - Shot Blocked by Sean O'Donnell.
4:36 of 1st period - Shot by Mikael Samuelsson.
4:36 of 1st period - Shot Misses the Net.
4:40 of 1st period - Shot by Patrick Rissmiller.
4:40 of 1st period - Shot Blocked by Tom Poti.
4:42 of 1st period - Shot by Sean Hill.
4:42 of 1st period - Stopped by Jean-Sebastien Giguere with a rebound.
4:44 of 1st period - Shot by Mikael Samuelsson.
4:44 of 1st period - Deflect By Olli Jokinen.
4:44 of 1st period - Shot Misses the Net.
4:46 of 1st period - Shot by Mikael Samuelsson.
4:46 of 1st period - Shot Blocked by Sean O'Donnell.
4:51 of 1st period - Icing by Sean O'Donnell.
4:52 of 1st period - Manny Malhotra wins face-off versus Rod Brind'Amour in Ducks zone.
5:27 of 1st period - Minor Penalty to Richard Park for Tripping.
5:28 of 1st period - Mats Sundin wins face-off versus Todd Marchant in Wild zone.
5:56 of 1st period - Shot by Ray Whitney.
5:56 of 1st period - Goal by Ray Whitney - Wild : 1 - Ducks : 0.
5:57 of 1st period - Henrik Sedin wins face-off versus Olli Jokinen in neutral zone.
6:24 of 1st period - Shot by Olli Jokinen.
6:24 of 1st period - Stopped by Jean-Sebastien Giguere without a rebound.
6:25 of 1st period - Mike Sillinger wins face-off versus Curtis Brown in Ducks zone.
6:42 of 1st period - Shot by Chris Pronger.
6:42 of 1st period - Goal by Chris Pronger - Wild : 1 - Ducks : 1.
6:43 of 1st period - Rod Brind'Amour wins face-off versus Paul Stastny in neutral zone.
6:47 of 1st period - Marian Gaborik is hit by Tom Poti and loses puck.
6:51 of 1st period - Icing by Tom Poti.
6:52 of 1st period - Olli Jokinen wins face-off versus Paul Stastny in Ducks zone.
6:53 of 1st period - Shot by Mikael Samuelsson.
6:53 of 1st period - Deflect By Olli Jokinen.
6:53 of 1st period - Shot Misses the Net.
7:05 of 1st period - Shot by Andrew Brunette.
7:05 of 1st period - Shot Misses the Net.
7:09 of 1st period - Shot by Paul Stastny.
7:09 of 1st period - Shot Blocked by Sean Hill.
7:11 of 1st period - Shot by Paul Stastny.
7:11 of 1st period - Stopped by Manny Fernandez with a rebound.
7:26 of 1st period - Icing by Sean Hill.
7:27 of 1st period - Olli Jokinen wins face-off versus Richard Park in Wild zone.
7:27 of 1st period - Olli Jokinen is hit by Mike Sillinger.
7:36 of 1st period - Minor Penalty to Sean Hill for Holding.
7:37 of 1st period - Henrik Sedin wins face-off versus Rod Brind'Amour in Wild zone.
7:40 of 1st period - Shot by Daniel Sedin.
7:40 of 1st period - Deflect By Henrik Sedin.
7:40 of 1st period - Shot Misses the Net.
7:42 of 1st period - Shot by Mike Fisher.
7:42 of 1st period - Shot Misses the Net.
7:44 of 1st period - Shot by Chris Pronger.
7:44 of 1st period - Stopped by Manny Fernandez without a rebound.
7:45 of 1st period - Patrick Rissmiller wins face-off versus Henrik Sedin in Wild zone.
7:58 of 1st period - Shot by Henrik Sedin.
7:58 of 1st period - Stopped by Manny Fernandez without a rebound.
7:59 of 1st period - Curtis Brown wins face-off versus Paul Stastny in Wild zone.
8:32 of 1st period - Shot by Scott Niedermayer.
8:32 of 1st period - Stopped by Manny Fernandez without a rebound.
8:33 of 1st period - Curtis Brown wins face-off versus Henrik Sedin in Wild zone.
8:48 of 1st period - Shot by Daniel Sedin.
8:48 of 1st period - Deflect By Mike Fisher.
8:48 of 1st period - Stopped by Manny Fernandez with a rebound.
8:50 of 1st period - Shot by Chris Pronger.
8:50 of 1st period - Stopped by Manny Fernandez without a rebound.
8:51 of 1st period - Henrik Sedin wins face-off versus Rod Brind'Amour in Wild zone.
9:50 of 1st period - Icing by Duncan Keith.
9:51 of 1st period - Manny Malhotra wins face-off versus Curtis Brown in Wild zone.
9:51 of 1st period - Dean Mcammond is hit by Duncan Keith and loses puck.
10:33 of 1st period - Icing by Marek Malik.
10:34 of 1st period - Manny Malhotra wins face-off versus Ray Whitney in Ducks zone.
10:53 of 1st period - Shot by Marian Gaborik.
10:53 of 1st period - Shot Blocked by Paul Stastny.
10:55 of 1st period - Shot by Ray Whitney.
10:55 of 1st period - Shot Misses the Net.
10:57 of 1st period - Shot by Marian Gaborik.
10:57 of 1st period - Goal by Marian Gaborik - Wild : 2 - Ducks : 1.
10:58 of 1st period - Todd Marchant wins face-off versus Olli Jokinen in neutral zone.
11:06 of 1st period - Icing by Sean Hill.
11:07 of 1st period - Olli Jokinen wins face-off versus Paul Stastny in Wild zone.
11:07 of 1st period - Olli Jokinen is hit by Paul Stastny.
11:17 of 1st period - Shot by Andrew Brunette.
11:17 of 1st period - Stopped by Manny Fernandez with a rebound.
11:24 of 1st period - Paul Stastny is hit by Sean Hill and loses puck.
11:25 of 1st period - Minor Penalty to Sean Hill for Roughing.
11:26 of 1st period - Curtis Brown wins face-off versus Henrik Sedin in Wild zone.
11:51 of 1st period - Shot by Daniel Sedin.
11:51 of 1st period - Shot Misses the Net.
11:55 of 1st period - Shot by Henrik Sedin.
11:55 of 1st period - Stopped by Manny Fernandez without a rebound.
11:56 of 1st period - Curtis Brown wins face-off versus Paul Stastny in Wild zone.
15:23 of 1st period - Marek Malik is hit by Mikael Samuelsson and loses puck.
15:28 of 1st period - Shot by Olli Jokinen.
15:28 of 1st period - Stopped by Jean-Sebastien Giguere with a rebound.
15:32 of 1st period - Shot by Mikael Samuelsson.
15:32 of 1st period - Stopped by Jean-Sebastien Giguere without a rebound.
15:33 of 1st period - Curtis Brown wins face-off versus Todd Marchant in Ducks zone.
16:02 of 1st period - Shot by Richard Park.
16:02 of 1st period - Stopped by Manny Fernandez without a rebound.
16:03 of 1st period - Henrik Sedin wins face-off versus Olli Jokinen in Wild zone.
16:25 of 1st period - Icing by Sean Hill.
16:26 of 1st period - Paul Stastny wins face-off versus Olli Jokinen in Wild zone.
16:27 of 1st period - Shot by Andrew Brunette.
16:27 of 1st period - Shot Misses the Net.
16:33 of 1st period - Shot by Paul Stastny.
16:33 of 1st period - Stopped by Manny Fernandez without a rebound.
16:34 of 1st period - Mats Sundin wins face-off versus Henrik Sedin in Wild zone.
16:39 of 1st period - Shot by Scott Niedermayer.
16:39 of 1st period - Stopped by Manny Fernandez without a rebound.
16:40 of 1st period - Todd Marchant wins face-off versus Rod Brind'Amour in Wild zone.
17:51 of 1st period - Henrik Sedin is hit by Michal Rozsival and loses puck.
18:11 of 1st period - Dean Mcammond is hit by Philippe Boucher.
18:22 of 1st period - Paul Stastny is hit by Philippe Boucher and loses puck.
18:26 of 1st period - Minor Penalty to Mats Sundin for Hooking.
18:27 of 1st period - Paul Stastny wins face-off versus Curtis Brown in neutral zone.
18:30 of 1st period - Shot by Paul Stastny.
18:30 of 1st period - Stopped by Manny Fernandez without a rebound.
18:31 of 1st period - Henrik Sedin wins face-off versus Curtis Brown in Wild zone.
18:36 of 1st period - Shot by Daniel Sedin.
18:36 of 1st period - Shot Blocked by Niclas Havelid.
18:38 of 1st period - Shot by Chris Pronger.
18:38 of 1st period - Stopped by Manny Fernandez with a rebound.
19:05 of 1st period - Minor Penalty to Paul Stastny for Interference.
19:06 of 1st period - Rod Brind'Amour wins face-off versus Mike Sillinger in Wild zone.
19:06 of 1st period - Rod Brind'Amour is hit by Andrew Brunette.
19:11 of 1st period - Philippe Boucher is hit by Scott Niedermayer and loses puck.
19:19 of 1st period - Rod Brind'Amour is hit by Scott Niedermayer.
19:28 of 1st period - Icing by Scott Niedermayer.
19:29 of 1st period - Mike Sillinger wins face-off versus Olli Jokinen in Ducks zone.

Period #2

0:01 of 2nd period - Henrik Sedin wins face-off versus Rod Brind'Amour in neutral zone.
0:14 of 2nd period - Shot by Daniel Sedin.
0:14 of 2nd period - Shot Misses the Net.
0:40 of 2nd period - Shot by Mats Sundin.
0:40 of 2nd period - Stopped by Jean-Sebastien Giguere without a rebound.
0:41 of 2nd period - Jozef Stumpel wins face-off versus Manny Malhotra in Ducks zone.
1:36 of 2nd period - Off-side.
1:37 of 2nd period - Rod Brind'Amour wins face-off versus Todd Marchant in neutral zone.
1:39 of 2nd period - Marian Gaborik is hit by Chris Pronger and loses puck.
1:46 of 2nd period - Shot by Marian Gaborik.
1:46 of 2nd period - Shot Misses the Net.
2:17 of 2nd period - Minor Penalty to Chris Pronger for Hooking.
2:18 of 2nd period - Mats Sundin wins face-off versus Dean Mcammond in Ducks zone.
2:21 of 2nd period - Shot by Brian Rolston.
2:21 of 2nd period - Goal by Brian Rolston - Wild : 3 - Ducks : 1.
2:22 of 2nd period - Paul Stastny wins face-off versus Mats Sundin in neutral zone.
2:28 of 2nd period - Minor Penalty to Philippe Boucher for Tripping.
2:29 of 2nd period - Curtis Brown wins face-off versus Henrik Sedin in Wild zone.
4:27 of 2nd period - Icing by Tom Poti.
4:28 of 2nd period - Manny Malhotra wins face-off versus Curtis Brown in Ducks zone.
4:28 of 2nd period - Minor Penalty to Curtis Brown for Roughing.
4:29 of 2nd period - Paul Stastny wins face-off versus Olli Jokinen in Ducks zone.
4:36 of 2nd period - Shot by Scott Niedermayer.
4:36 of 2nd period - Stopped by Manny Fernandez without a rebound.
4:37 of 2nd period - Rod Brind'Amour wins face-off versus Henrik Sedin in Wild zone.
5:40 of 2nd period - Andrew Brunette is hit by Olli Jokinen and loses puck.
6:19 of 2nd period - Shot by Daniel Sedin.
6:19 of 2nd period - Goal by Daniel Sedin - Wild : 3 - Ducks : 2.
6:20 of 2nd period - Manny Malhotra wins face-off versus Jozef Stumpel in neutral zone.
6:28 of 2nd period - Manny Malhotra is hit by Marian Gaborik and loses puck.
6:35 of 2nd period - Shot by Marian Gaborik.
6:35 of 2nd period - Deflect By Ray Whitney.
6:35 of 2nd period - Shot Misses the Net.
6:48 of 2nd period - Icing by Marek Malik.
6:49 of 2nd period - Manny Malhotra wins face-off versus Curtis Brown in Ducks zone.
7:52 of 2nd period - Shot by Andrew Brunette.
7:52 of 2nd period - Shot Misses the Net.
8:06 of 2nd period - Shot by Paul Stastny.
8:06 of 2nd period - Shot Misses the Net.
8:10 of 2nd period - Shot by Andrew Brunette.
8:10 of 2nd period - Shot Blocked by Kim Johnsson.
8:14 of 2nd period - Shot by Andrew Brunette.
8:14 of 2nd period - Shot Blocked by Kim Johnsson.
8:16 of 2nd period - Shot by Henrik Sedin.
8:16 of 2nd period - Shot Misses the Net.
8:36 of 2nd period - Shot by Paul Stastny.
8:36 of 2nd period - Stopped by Manny Fernandez without a rebound.
8:37 of 2nd period - Mike Fisher wins face-off versus Rod Brind'Amour in Wild zone.
8:38 of 2nd period - Shot by Henrik Sedin.
8:38 of 2nd period - Shot Hit the Post.
8:42 of 2nd period - Shot by Daniel Sedin.
8:42 of 2nd period - Stopped by Manny Fernandez without a rebound.
8:43 of 2nd period - Mikael Samuelsson wins face-off versus Todd Marchant in Wild zone.
8:43 of 2nd period - Olli Jokinen is hit by Richard Park and loses puck.
8:57 of 2nd period - Shot by Olli Jokinen.
8:57 of 2nd period - Stopped by Jean-Sebastien Giguere without a rebound.
8:58 of 2nd period - Rod Brind'Amour wins face-off versus Daniel Sedin in Ducks zone.
9:14 of 2nd period - Mathieu Schneider is hit by Sean O'Donnell and loses puck.
9:31 of 2nd period - Shot by Rod Brind'Amour.
9:31 of 2nd period - Shot Misses the Net.
11:23 of 2nd period - Shot by Paul Stastny.
11:23 of 2nd period - Deflect By Andrew Brunette.
11:23 of 2nd period - Stopped by Manny Fernandez without a rebound.
11:24 of 2nd period - Curtis Brown wins face-off versus Henrik Sedin in Wild zone.
11:26 of 2nd period - Icing by Jozef Stumpel.
11:27 of 2nd period - Henrik Sedin wins face-off versus Curtis Brown in Wild zone.
11:36 of 2nd period - Shot by Mike Fisher.
11:36 of 2nd period - Stopped by Manny Fernandez without a rebound.
11:37 of 2nd period - Henrik Sedin wins face-off versus Mats Sundin in Wild zone.
12:09 of 2nd period - Scott Niedermayer is hit by Rod Brind'Amour and loses puck.
12:23 of 2nd period - Icing by Daniel Sedin.
12:24 of 2nd period - Henrik Sedin wins face-off versus Olli Jokinen in Ducks zone.
12:32 of 2nd period - Shot by Olli Jokinen.
12:32 of 2nd period - Shot Misses the Net.
12:34 of 2nd period - Shot by Olli Jokinen.
12:34 of 2nd period - Shot Blocked by Sean O'Donnell.
12:36 of 2nd period - Shot by Sean Hill.
12:36 of 2nd period - Stopped by Jean-Sebastien Giguere without a rebound.
12:37 of 2nd period - Todd Marchant wins face-off versus Rod Brind'Amour in Ducks zone.
12:42 of 2nd period - Kyle Mclaren is hit by Mike Sillinger and loses puck.
12:54 of 2nd period - Icing by Kyle Mclaren.
12:55 of 2nd period - Paul Stastny wins face-off versus Rod Brind'Amour in Wild zone.
12:55 of 2nd period - Minor Penalty to Kyle Mclaren for High sticking.
12:56 of 2nd period - Brian Rolston wins face-off versus Paul Stastny in Wild zone.
12:56 of 2nd period - Brian Rolston is hit by Paul Stastny.
13:11 of 2nd period - Scott Niedermayer is hit by Patrick Rissmiller and loses puck.
13:16 of 2nd period - Shot by Mike Sillinger.
13:16 of 2nd period - Shot Blocked by Philippe Boucher.
13:18 of 2nd period - Shot by Scott Niedermayer.
13:18 of 2nd period - Stopped by Manny Fernandez without a rebound.
13:19 of 2nd period - Curtis Brown wins face-off versus Daniel Sedin in Wild zone.
13:47 of 2nd period - Shot by Chris Pronger.
13:47 of 2nd period - Stopped by Manny Fernandez without a rebound.
13:48 of 2nd period - Curtis Brown wins face-off versus Paul Stastny in Wild zone.
14:43 of 2nd period - Shot by Tom Poti.
14:43 of 2nd period - Stopped by Manny Fernandez without a rebound.
14:44 of 2nd period - Rod Brind'Amour wins face-off versus Mike Sillinger in Wild zone.
15:04 of 2nd period - Minor Penalty to Kyle Mclaren for Hooking.
15:05 of 2nd period - Henrik Sedin wins face-off versus Olli Jokinen in Wild zone.
15:08 of 2nd period - Shot by Mike Sillinger.
15:08 of 2nd period - Shot Misses the Net.
15:24 of 2nd period - Shot by Tom Poti.
15:24 of 2nd period - Goal by Tom Poti - Wild : 3 - Ducks : 3.
15:25 of 2nd period - Curtis Brown wins face-off versus Manny Malhotra in neutral zone.
15:43 of 2nd period - Shot by Brian Rolston.
15:43 of 2nd period - Shot Misses the Net.
15:45 of 2nd period - Shot by Brian Rolston.
15:45 of 2nd period - Stopped by Jean-Sebastien Giguere without a rebound.
15:46 of 2nd period - Olli Jokinen wins face-off versus Todd Marchant in Ducks zone.
16:10 of 2nd period - Minor Penalty to Sean Hill for Holding.
16:11 of 2nd period - Rod Brind'Amour wins face-off versus Paul Stastny in Wild zone.
16:39 of 2nd period - Shot by Andrew Brunette.
16:39 of 2nd period - Stopped by Manny Fernandez without a rebound.
16:40 of 2nd period - Curtis Brown wins face-off versus Henrik Sedin in Wild zone.
16:40 of 2nd period - Curtis Brown is hit by Mike Fisher.
16:52 of 2nd period - Shot by Daniel Sedin.
16:52 of 2nd period - Stopped by Manny Fernandez with a rebound.
16:54 of 2nd period - Shot by Chris Pronger.
16:54 of 2nd period - Stopped by Manny Fernandez without a rebound.
16:55 of 2nd period - Mike Sillinger wins face-off versus Curtis Brown in Wild zone.
18:18 of 2nd period - Shot by Rod Brind'Amour.
18:18 of 2nd period - Stopped by Jean-Sebastien Giguere without a rebound.
18:19 of 2nd period - Curtis Brown wins face-off versus Manny Malhotra in Ducks zone.
18:38 of 2nd period - Shot by Rob Niedermayer.
18:38 of 2nd period - Shot Blocked by Kim Johnsson.
18:42 of 2nd period - Shot by Dean Mcammond.
18:42 of 2nd period - Shot Misses the Net.
18:44 of 2nd period - Shot by Manny Malhotra.
18:44 of 2nd period - Stopped by Manny Fernandez without a rebound.
18:45 of 2nd period - Marian Gaborik wins face-off versus Todd Marchant in Wild zone.
18:54 of 2nd period - Rod Brind'Amour is hit by Mike Sillinger and loses puck.
19:52 of 2nd period - Mikael Samuelsson is hit by Tom Poti.
19:57 of 2nd period - Minor Penalty to Tom Poti for High sticking.
19:58 of 2nd period - Mats Sundin wins face-off versus Todd Marchant in Ducks zone.

Period #3

0:01 of 3rd period - Mats Sundin wins face-off versus Todd Marchant in neutral zone.
0:05 of 3rd period - Minor Penalty to Scott Niedermayer for Hooking.
0:06 of 3rd period - Olli Jokinen wins face-off versus Manny Malhotra in Ducks zone.
0:25 of 3rd period - Shot by Olli Jokinen.
0:25 of 3rd period - Stopped by Jean-Sebastien Giguere without a rebound.
0:26 of 3rd period - Ray Whitney wins face-off versus Todd Marchant in Ducks zone.
0:29 of 3rd period - Shot by Brian Rolston.
0:29 of 3rd period - Shot Misses the Net.
0:33 of 3rd period - Shot by Philippe Boucher.
0:33 of 3rd period - Stopped by Jean-Sebastien Giguere without a rebound.
0:34 of 3rd period - Mats Sundin wins face-off versus Todd Marchant in Ducks zone.
1:00 of 3rd period - Shot by Philippe Boucher.
1:00 of 3rd period - Stopped by Jean-Sebastien Giguere without a rebound.
1:01 of 3rd period - Todd Marchant wins face-off versus Olli Jokinen in Ducks zone.
1:21 of 3rd period - Icing by Marian Gaborik.
1:22 of 3rd period - Todd Marchant wins face-off versus Marian Gaborik in Wild zone.
2:38 of 3rd period - Shot by Mike Fisher.
2:38 of 3rd period - Stopped by Manny Fernandez with a rebound.
2:57 of 3rd period - Off-side.
2:58 of 3rd period - Richard Park wins face-off versus Ray Whitney in neutral zone.
3:03 of 3rd period - Shot by Marek Malik.
3:03 of 3rd period - Goal by Marek Malik - Wild : 3 - Ducks : 4.
3:04 of 3rd period - Todd Marchant wins face-off versus Mats Sundin in neutral zone.
3:06 of 3rd period - Off-side.
3:07 of 3rd period - Todd Marchant wins face-off versus Ray Whitney in neutral zone.
3:35 of 3rd period - Shot by Ray Whitney.
3:35 of 3rd period - Shot Misses the Net.
3:37 of 3rd period - Shot by Marian Gaborik.
3:37 of 3rd period - Shot Blocked by Chris Pronger.
3:58 of 3rd period - Kyle Mclaren is hit by Mike Sillinger and loses puck.
4:29 of 3rd period - Brian Rolston is hit by Sean O'Donnell.
4:43 of 3rd period - Shot by Jozef Stumpel.
4:43 of 3rd period - Deflect By Brian Rolston.
4:43 of 3rd period - Shot Blocked by Paul Stastny.
4:45 of 3rd period - Shot by Brian Rolston.
4:45 of 3rd period - Stopped by Jean-Sebastien Giguere without a rebound.
4:46 of 3rd period - Henrik Sedin wins face-off versus Olli Jokinen in Ducks zone.
4:46 of 3rd period - Henrik Sedin is hit by Patrick Rissmiller.
5:07 of 3rd period - Shot by Olli Jokinen.
5:07 of 3rd period - Stopped by Jean-Sebastien Giguere without a rebound.
5:08 of 3rd period - Curtis Brown wins face-off versus Manny Malhotra in Ducks zone.
6:06 of 3rd period - Minor Penalty to Duncan Keith for Holding.
6:07 of 3rd period - Paul Stastny wins face-off versus Rod Brind'Amour in Wild zone.
6:07 of 3rd period - Paul Stastny is hit by Philippe Boucher.
7:14 of 3rd period - Off-side.
7:15 of 3rd period - Curtis Brown wins face-off versus Henrik Sedin in neutral zone.
7:24 of 3rd period - Shot by Henrik Sedin.
7:24 of 3rd period - Stopped by Manny Fernandez without a rebound.
7:25 of 3rd period - Rod Brind'Amour wins face-off versus Henrik Sedin in Wild zone.
9:20 of 3rd period - Shot by Mikael Samuelsson.
9:20 of 3rd period - Goal by Mikael Samuelsson - Wild : 4 - Ducks : 4.
9:21 of 3rd period - Mats Sundin wins face-off versus Todd Marchant in neutral zone.
9:21 of 3rd period - Michal Rozsival is hit by Todd Marchant.
9:24 of 3rd period - Brian Rolston is hit by Chris Pronger and loses puck.
11:14 of 3rd period - Off-side.
11:15 of 3rd period - Rod Brind'Amour wins face-off versus Todd Marchant in neutral zone.
11:28 of 3rd period - Shot by Rod Brind'Amour.
11:28 of 3rd period - Goal by Rod Brind'Amour - Wild : 5 - Ducks : 4.
11:28 of 3rd period - Ilya Bryzgalov enters game.
11:29 of 3rd period - Curtis Brown wins face-off versus Paul Stastny in neutral zone.
12:14 of 3rd period - Duncan Keith is hit by Sean O'Donnell and loses puck.
12:44 of 3rd period - Shot by Mike Sillinger.
12:44 of 3rd period - Shot Misses the Net.
12:46 of 3rd period - Shot by Richard Park.
12:46 of 3rd period - Shot Blocked by Duncan Keith.
12:48 of 3rd period - Shot by Marek Malik.
12:48 of 3rd period - Stopped by Manny Fernandez without a rebound.
12:49 of 3rd period - Manny Malhotra wins face-off versus Rod Brind'Amour in Wild zone.
13:08 of 3rd period - Shot by Manny Malhotra.
13:08 of 3rd period - Shot Misses the Net.
13:10 of 3rd period - Shot by Manny Malhotra.
13:10 of 3rd period - Shot Misses the Net.
13:12 of 3rd period - Shot by Tom Poti.
13:12 of 3rd period - Shot Hit the Post.
13:14 of 3rd period - Shot by Tom Poti.
13:14 of 3rd period - Shot Misses the Net.
14:08 of 3rd period - Sean Hill is hit by Todd Marchant and loses puck.
14:16 of 3rd period - Icing by Mikael Samuelsson.
14:17 of 3rd period - Olli Jokinen wins face-off versus Paul Stastny in Wild zone.
14:31 of 3rd period - Shot by Paul Stastny.
14:31 of 3rd period - Stopped by Manny Fernandez without a rebound.
14:32 of 3rd period - Henrik Sedin wins face-off versus Mats Sundin in Wild zone.
14:49 of 3rd period - Shot by Paul Stastny.
14:49 of 3rd period - Shot Misses the Net.
14:51 of 3rd period - Shot by Daniel Sedin.
14:51 of 3rd period - Goal by Daniel Sedin - Wild : 5 - Ducks : 5.
14:51 of 3rd period - Manny Legace enters game.
14:52 of 3rd period - Manny Malhotra wins face-off versus Rod Brind'Amour in neutral zone.
15:03 of 3rd period - Shot by Rob Niedermayer.
15:03 of 3rd period - Shot Hit the Post.
15:05 of 3rd period - Shot by Sean O'Donnell.
15:05 of 3rd period - Stopped by Manny Legace without a rebound.
15:06 of 3rd period - Rod Brind'Amour wins face-off versus Todd Marchant in Wild zone.
15:19 of 3rd period - Shot by Rod Brind'Amour.
15:19 of 3rd period - Shot Misses the Net.
15:21 of 3rd period - Shot by Mathieu Schneider.
15:21 of 3rd period - Stopped by Ilya Bryzgalov without a rebound.
15:22 of 3rd period - Olli Jokinen wins face-off versus Henrik Sedin in Ducks zone.
15:24 of 3rd period - Minor Penalty to Sean O'Donnell for Holding.
15:25 of 3rd period - Ray Whitney wins face-off versus Manny Malhotra in Ducks zone.
15:28 of 3rd period - Shot by Philippe Boucher.
15:28 of 3rd period - Shot Misses the Net.
16:17 of 3rd period - Icing by Kim Johnsson.
16:18 of 3rd period - Todd Marchant wins face-off versus Olli Jokinen in Wild zone.
16:28 of 3rd period - Icing by Jozef Stumpel.
16:29 of 3rd period - Richard Park wins face-off versus Olli Jokinen in Wild zone.
17:02 of 3rd period - Shot by Jozef Stumpel.
17:02 of 3rd period - Shot Blocked by Chris Pronger.
17:24 of 3rd period - Mats Sundin is hit by Sean O'Donnell and loses puck.
18:19 of 3rd period - Shot by Daniel Sedin.
18:19 of 3rd period - Stopped by Manny Legace with a rebound.
18:21 of 3rd period - Shot by Mike Fisher.
18:21 of 3rd period - Stopped by Manny Legace without a rebound.
18:22 of 3rd period - Marian Gaborik wins face-off versus Henrik Sedin in Wild zone.
18:47 of 3rd period - Icing by Marian Gaborik.
18:48 of 3rd period - Rod Brind'Amour wins face-off versus Todd Marchant in Wild zone.
18:59 of 3rd period - Shot by Ray Whitney.
18:59 of 3rd period - Shot Blocked by Chris Pronger.
19:41 of 3rd period - Mats Sundin is hit by Todd Marchant and loses puck.

Overtime #1

0:01 of 1st overtime period - Paul Stastny wins face-off versus Rod Brind'Amour in neutral zone.
0:32 of 1st overtime period - Shot by Rod Brind'Amour.
0:32 of 1st overtime period - Stopped by Ilya Bryzgalov with a rebound.
0:37 of 1st overtime period - Minor Penalty to Rod Brind'Amour for Roughing.
0:38 of 1st overtime period - Paul Stastny wins face-off versus Olli Jokinen in neutral zone.
0:45 of 1st overtime period - Shot by Mike Fisher.
0:45 of 1st overtime period - Stopped by Manny Legace without a rebound.
0:46 of 1st overtime period - Paul Stastny wins face-off versus Olli Jokinen in Wild zone.
1:15 of 1st overtime period - Shot by Mike Fisher.
1:15 of 1st overtime period - Goal by Mike Fisher - Wild : 5 - Ducks : 6.


Output by the SimonT Hockey Simulator (STHS) for Stephane Roy -- Original Page W3C XHTML 1.0 Valid